 Dungeon Sprint DCSS version 0.31-a0-75-g6fe912e8c5 (webtiles) character file.

Game seed: 4457965497990106726

4 sircluck the Ruffian (level 1, -4/33 HPs)
             Began as a Troll Berserker on May 23, 2023.
             Was a Follower of Trog.
             Slain by Edmund
             ... wielding a +4 flail of holy wrath
              (6 damage)
             ... in the Dungeon (Sprint VII: "The Pits").
             The game lasted 00:00:21 (30 turns).

sircluck the Ruffian (Troll Berserker)                Turns: 30, Time: 00:00:22

Health: -4/33      AC:  4    Str: 24    XL:     1   Next: 50%
Magic:  0/0        EV: 10    Int:  3    God:    Trog [*.....]
Gold:   0          SH:  0    Dex:  9    Spells: 0/0 levels left

rFire   . .          .
                       - Unarmed
rCold   . . .        (no shield)
rNeg    . . .        a - +0 animal skin
rPois   .            (helmet restricted)
rElec   .            (no cloak)
rCorr   .            (gloves unavailable)
SInv    .            (boots unavailable)
Will    .....        (no amulet) Stlth
                     (no ring)
HPRegen 1.05/turn    (no ring)
MPRegen 0.07/turn

%: no teleportation
@: berserking, very quick
A: large, unfitting armour, claws 3, regeneration 1, shaggy fur 1, tough skin 1
a: Renounce Religion, Berserk


You were in the Dungeon.
You worshipped Trog.
Trog was aware of your devotion.
You visited 1 branch

Inventory:

Armour
 a - a +0 animal skin (worn)
Scrolls
 g - a scroll of blinking
Potions
 b - a potion of curing
 c - a potion of heal wounds
 d - a potion of haste
 e - 2 potions of magic
 f - a potion of berserk rage


   Skills:
 + Level 2.8 Fighting
 + Level 2.9 Dodging
 + Level 3.5 Unarmed Combat


You couldn't memorise any spells.
You didn't know any spells.
Your spell library was empty.

Dungeon Overview and Level Annotations

Branches:
Dungeon (1/1)

Altars:

Annotations:
D Edmund


Innate Abilities, Weirdness & Mutations

You are too large for most types of armour.
You have claws for hands.
Your natural rate of healing is unusually fast.
You are covered in fur. (AC +1)
You have tough skin. (AC +1)


Message History

You scratch the orc.
The orc is almost dead.
A magic dart appears from out of thin air!
The magic dart hits you.
You scratch the orc but do no damage.
The orc is almost dead.
The orc hits you with a +0 dagger.
You hear some strange, mumbled words.
Something tries to affect you, but you resist.
You scratch the orc.
You kill the orc!
Trog accepts your kill.
A magic dart appears from out of thin air!
The magic dart hits you! Edmund closely misses you.
You hear some strange, mumbled words.
A puff of flame appears from out of thin air!
The puff of flame hits you.
* * * LOW HITPOINT WARNING * * *
There is an open door to the Entrance Hall (Safe), spattered with blood here.
Things that are here:
a +0 short sword; an orc corpse A red film seems to cover your vision as you go berserk!
You feel yourself moving faster!
You feel mighty!
Edmund says, "You wouldn't believe how much I paid for this flail."
Edmund closely misses you. Something hits you.
* * * LOW HITPOINT WARNING * * *
You barely miss Edmund.
Edmund zaps a wand.
You resist with significant effort. Something hits you but does no damage.
You closely miss Edmund. Something hits you but does no damage.
Edmund hits you with a +4 flail of holy wrath.
* * * LOW HITPOINT WARNING * * *
You scratch Edmund.
Edmund is lightly wounded.
You claw Edmund!
Edmund is moderately wounded.
Something hits you.
* * * LOW HITPOINT WARNING * * *
Edmund hits you with a +4 flail of holy wrath.
You die...

##########++######
#................#
#......#..#......#
#................+
+................+
#......#..#......#
#...@{...........#
####@#####''######
#..)....##''#
#.......##..{.
#.......##...##
#...<...##@.##
#.......##..#
#.......##..+
#.......#
#########


You could see Edmund.

Vanquished Creatures
  2 orcs (D)
2 creatures vanquished.

Notes
Turn   | Place    | Note
-------+----------+-------------------------------------------
     0 | D        | sircluck the Troll Berserker began the quest for the Orb.
     0 | D        | Reached XP level 1. HP: 22/22 MP: 0/0
    11 | D        | Noticed Edmund
    11 | D        | Noticed an orc wizard
    30 | D        | Slain by Edmund

Illustrated notes

Levels and vault maps discovered:
D:        pitsprint [storerooms_1, entrance_room_1, metal_vault_7, armoury_2,
          mini_pit_1, grid_room_1, main_hall_1, silver_pit, the_coven_3,
          the_vestibule_1, steel_vault_2, golden_pit, hallway_of_sentries,
          crystal_vault_1, iron_vault_2, final_vault]

Action                     || total
---------------------------++-------
  Melee: Unarmed           ||     8
 Invoke: Berserk           ||     1
 Armour: Animal skin       ||     3
  Dodge: Dodged            ||     2

Table legend: (Time is in decaauts)
 A = Elapsed time spent in this place.
 B = Non-inter-level travel time spent in this place.
 C = Inter-level travel time spent in this place.
 D = Time resting spent in this place.
 E = Time spent auto-exploring this place.
 F = Levels seen in this place.
 G = Mean time per level.
                   A        B        C        D        E       F      G
               +--------+--------+--------+--------+--------+-----+--------+
         Total |     28 |     28 |      0 |      2 |     11 |   1 |   28.0 |
       Dungeon |     28 |     28 |      0 |      2 |     11 |   1 |   28.0 |
               +--------+--------+--------+--------+--------+-----+--------+

Top non-repeatable levels by time:
       D: 28 daAuts
